AoeStats
← Mr. Penis

Highland

505547398Analyzed
4v4 RM · 23d ago on Sep 9, 2026· 15m 49s· 8 players
Game mode
Random Map
Map size
Large (8 player)
Population
200
Speed
Normal
Resources
Standard
Victory
Conquest
Starting age
Dark Age
Ending age
Imperial Age
RankedLock teamsTeams togetherTeam positionsShared explorationLock speedFull tech treeHidden civsTurbo modeCheats
Victory
Defeat
🇨🇱 Magyars · Chile
1334
+13
🇨🇱 Mongols · Chile
1210
+18
🇨🇱 Britons · Chile
1169
+19
🇨🇱 Vietnamese · Chile
1156
+20
🇧🇷 Britons · Brazil
1287
-19
🇲🇽 Spanish · Mexico
1245
-17
🇺🇸 Goths · United States
1242
-17
🇷🇺 Jurchens · Russia
1231
-17
Kryptonknight
8:58 Loom
10:49 Feudal Age
derschulerin
3:53 Loom
5:22 Loom
11:27 Feudal Age
16:30 Castle Age
Mr. Penis
11:13 Feudal Age
12:42 Double-Bit Axe
15:27 Castle Age
14:01 Horse Collar
[LCDR] Dom Manrique
6:31 Loom
9:05 Feudal Age
9:34 Double-Bit Axe
PanchöCrÜe
6:25 Loom
8:36 Feudal Age
16:05 Double-Bit Axe
Sir Sebas
7:16 Loom
9:55 Feudal Age
10:45 Double-Bit Axe
12:44 Horse Collar
♣Richi♣
0:34 Loom
11:23 Feudal Age
12:47 Wheelbarrow
12:14 Double-Bit Axe
13:29 Gold Mining
<WoloLords> ~ NooX ~
6:19 Loom
9:14 Feudal Age
10:53 Double-Bit Axe
11:54 Horse Collar
14:35 Scale Barding Armor
Connection lost

Rejoining the realm…

Still unreachable

The connection could not be restored.

Session expired

The server has moved on; the page needs a fresh start.